 Dungeon Crawl Stone Soup version 0.23.2-30-g0e89c35649 (webtiles) character file.

Game seed: 2097052356630681909

130 Alter the Skirmisher (level 5, -16/33 HPs)
             Began as a Gargoyle Berserker on June 9, 2019.
             Was a Believer of Trog.
             Demolished by an orc warrior
             ... wielding a +1 trident of venom
              (22 damage)
             ... on level 3 of the Dungeon.
             The game lasted 00:05:51 (2002 turns).

Alter the Skirmisher (Gargoyle Berserker)           Turns: 2002, Time: 00:05:52

Health: -16/33     AC:  7    Str: 21    XL:     5   Next: 13%
Magic:  5/5        EV: 12    Int:  8    God:    Trog [**....]
Gold:   156        SH:  0    Dex:  9    Spells: 4/4 levels left

rFire    . . .     SeeInvis .   a - +0 mace
rCold    . . .     Gourm    .   (no shield)
rNeg     + . .     Faith    .   b - +0 animal skin
rPois    ∞         Spirit   .   (no helmet)
rElec    +         Reflect  .   g - +0 cloak
rCorr    .         Harm     .   (no gloves)
MR       .....                  (no boots)
Stlth    +.........             (no amulet)
HPRegen  0.11/turn              (no ring)
MPRegen  0.09/turn              (no ring)

@: no status effects
A: negative energy resistance 1, electricity resistance, unbreathing,
petrification resistance, rot immunity, AC +4
a: Berserk, Trog's Hand, Renounce Religion


You were on level 3 of the Dungeon.
You worshipped Trog.
Trog was pleased with you.
You were not hungry.

You visited 1 branch of the dungeon, and saw 3 of its levels.

You collected 156 gold pieces.

Inventory:

Hand Weapons
 a - a +0 mace (weapon)
Armour
 b - a +0 animal skin (worn)
 g - a +0 cloak (worn)
Scrolls
 h - a scroll of teleportation
 i - a scroll of remove curse
 j - a scroll of fear
Potions
 d - a potion of flight {unknown}
 e - 2 potions of heal wounds {unknown}
 l - 2 potions of resistance {unknown}
Comestibles
 c - 3 rations
 f - 2 chunks of flesh


   Skills:
 * Level 4.2 Fighting
 + Level 4.0 Maces & Flails
 + Level 2.4 Armour
 * Level 2.8 Dodging


You had 4 spell levels left.
You didn't know any spells.
Your spell library was empty.

Dungeon Overview and Level Annotations

Branches:
Dungeon (3/15)

Altars:
Cheibriados
Ru
Trog


Innate Abilities, Weirdness & Mutations

You are resistant to torment.
Your stone body is resilient. (AC +4)
You are immune to poison.
You resist negative energy. (rN+)
You are resistant to electric shocks. (rElec)
You can survive without breathing.
You are immune to petrification.
You are immune to rotting.


Message History

The orc shouts!
You hit the orc but do no damage. The orc hits you but does no damage.
You completely miss the orc.
The orc warrior hits you from afar with a +1 trident of venom!
The orc closely misses you.
You closely miss the orc. The orc hits you but does no damage.
The orc warrior hits you from afar with a +1 trident of venom!
You hit the orc.
The orc is severely wounded.
The orc closely misses you.
The orc warrior hits you from afar with a +1 trident of venom!
* * * LOW HITPOINT WARNING * * *
The orc hits you but does no damage.
You thump the orc!
You kill the orc!
Trog accepts your kill. The orc warrior barely misses you.
The orc warrior hits you with a +1 trident of venom!!
Ouch! That really hurt!
You die...

.# ..#.>.........#
.#.#######.###########
.#...........#
.#########.#.# .# #.#.#
.# #.#.# .# #.#.#
.#########.#.###########
...........#....@ooo....
########################


You could see an orc warrior and 2 orcs.

Vanquished Creatures
  A scorpion (D:2)
  3 adders (D:2)
  An ooze (D:2)
  3 worms (D:2)
  2 dart slugs (D:2)
  A leopard gecko (D:2)
  An orc (D:3)
  4 giant cockroaches
  4 goblins
  3 hobgoblins
  5 bats (D:1)
  7 kobolds
  6 rats
41 creatures vanquished.

Notes
Turn   | Place    | Note
-------+----------+-------------------------------------------
     0 | D:1      | Alter the Gargoyle Berserker began the quest for the Orb.
     0 | D:1      | Reached XP level 1. HP: 14/14 MP: 1/1
   176 | D:1      | Reached XP level 2. HP: 15/19 MP: 2/2
   614 | D:2      | Reached XP level 3. HP: 19/24 MP: 3/3
   646 | D:2      | Found a sacrificial altar of Ru.
  1121 | D:2      | Noticed a scorpion
  1308 | D:2      | Reached XP level 4. HP: 15/29 MP: 4/4
  1556 | D:2      | Found a snail-covered altar of Cheibriados.
  1556 | D:2      | Found a bloodstained altar of Trog.
  1667 | D:2      | Reached XP level 5. HP: 26/33 MP: 5/5
  1862 | D:3      | Reached ** piety under Trog
  1994 | D:3      | Noticed an orc warrior
  2002 | D:3      | Demolished by an orc warrior

Skill      XL: |  1  2  3  4  5 |
---------------+----------------+-----
Dodging        | 2 |  2.8
Fighting       | 4 |  4.2
Maces & Flails | 4 |  4.0
Armour         | |  2.4

Action                   |  1- 3 |  4- 6 || total
-------------------------+-------+-------++-------
Melee: Mace              |   113 |    36 ||   149
Invok: Berserk           |       |     1 ||     1
  Use: Scroll            |     6 |       ||     6
 Stab: Sleeping          |       |     1 ||     1
  Eat: Chunk             |     1 |     4 ||     5
Armor: Animal skin       |    43 |    11 ||    54
Dodge: Dodged            |    92 |    19 ||   111
